 Dungeon Crawl Stone Soup version 0.29.1-12-g30fa7ad0bf (webtiles) character file.

Game seed: 13647720496030694308

60 hawla the Firebug (level 4, -3/33 HPs)
             Began as a Meteoran Fire Elementalist on Jan 13, 2023.
             Slain by Duvessa
             ... wielding a +0 short sword of protection
              (5 damage)
             ... on level 4 of the Dungeon.
             The game lasted 00:03:49 (808 turns).

hawla the Firebug (Meteoran Fire Elementalist)       Turns: 808, Time: 00:03:50

Health: -3/33      AC:  2    Str:  9    XL:     4   Next: 50%
Magic:  2/10       EV: 13    Int: 19    God:
Gold:   62         SH:  0    Dex: 14    Spells: 2/9 levels left

rFire   . . .      SeeInvis .   (no weapon)
rCold   . . .      Faith    .   (no shield)
rNeg    . . .      Spirit   .   a - +0 robe
rPois   .          Reflect  .   (no helmet)
rElec   .          Harm     .   (no cloak)
rCorr   .          Rampage  .   (no gloves)
Will    .....                   (no boots)
Stlth   +.........              (no amulet)
HPRegen 0.11/turn               (no ring)
MPRegen 0.12/turn               (no ring)

@: very slightly contaminated, glowing
A: sense surroundings 1, otherworldly, glowing, explore regen
a: no special abilities


You were on level 4 of the Dungeon.
You visited 1 branch of the dungeon, and saw 4 of its levels.

You collected 62 gold pieces.

Inventory:

Armour
 a - a +0 robe (worn)
Jewellery
 g - a +6 ring of dexterity
Scrolls
 c - 2 scrolls of noise


   Skills:
 - Level 3.1 Dodging
 - Level 1.4 Stealth
 - Level 3.3 Spellcasting
 + Level 2.3 Conjurations
 - Level 4.6 Fire Magic


You had 2 spell levels left.
You knew the following spells:

 Your Spells              Type           Power      Damage    Failure   Level
a - Foxfire               Conj/Fire      64%        2x1d7     3%          1
b - Scorch                Fire           40%        2d7       3%          2
c - Flame Wave            Conj/Fire      16%        2d7       34%         4

Your spell library contained the following spells:

 Spells                   Type           Power      Damage    Failure   Level
 Conjure Flame            Conj/Fire      16%        6-21      11%         3
 Inner Flame              Hex/Fire       11%        N/A       17%         3


Dungeon Overview and Level Annotations

Branches:
Dungeon (4/15) Zot: 1591
 Temple: D:4-7

Altars:

Annotations:
D:4 2 transporters, Dowan; Duvessa; ExaltedWalrus's ghost, amateur DrEE


Innate Abilities, Weirdness & Mutations

You passively map a small area around you.
You are easily found by Zot.
You glow in the dark.
You regain HP and MP as you explore.


Message History

Dowan, Brother of Duvessa comes into view.
He is wielding a +1 dagger of venom.
Dowan shouts!
Magic courses through your body. Duvessa barely misses you.
Dowan points at you and mumbles some strange words.
The puff of frost hits you!
* * * LOW HITPOINT WARNING * * *
You feel much better.
Duvessa hits you with a +0 short sword of protection!
Casting: Flame Wave (extremely dangerous; 34% risk of failure)
Confirm with . or Enter, or press ? or * to list all spells.
The spell is extremely dangerous to miscast (34% risk of failure)!
Continue anyway? [Y]es or [N]o only, please.
The spell is extremely dangerous to miscast (34% risk of failure)!
Continue anyway?
Casting: Flame Wave (extremely dangerous; 34% risk of failure)
Press: ? - help, Dir - look around, f - activate You miscast Flame Wave.
You are very lightly contaminated with residual magic.
You are blasted with magical energy!
Duvessa hits you with a +0 short sword of protection!
* * * LOW HITPOINT WARNING * * *
Dowan hits you with a +1 dagger of venom.
* * * LOW HITPOINT WARNING * * *
Casting: Flame Wave (extremely dangerous; 34% risk of failure)
Confirm with . or Enter, or press ? or * to list all spells.
The spell is extremely dangerous to miscast (34% risk of failure)!
Continue anyway?
Casting: Flame Wave (extremely dangerous; 34% risk of failure)
Press: ? - help, Dir - look around, f - activate A wave of flame ripples out!
The flame wave engulfs Duvessa.
Duvessa is moderately wounded.
The flame wave engulfs Dowan.
Dowan is lightly wounded. (Press . to intensify the flame waves.) Duvessa misses you.
Dowan misses you.
A wave of flame ripples out!
The flame wave engulfs Duvessa but does no damage.
Duvessa is moderately wounded.
The flame wave engulfs Dowan!
Dowan is severely wounded.
Duvessa hits you with a +0 short sword of protection.
You die...

*********##'*
*,,,,,,...,
*,,,,,,....
*,,,,,,....
*******##>. *#####
#########****,....
#.e......,,**,*#.#
#@#**,,,,,,**,*#..
#e##***###***###[#
#..# #.# #.#.#
#..#* ##.## ##...#
##.)# #...# #..###
*#.###.#.###.## #
#..#.(#..#..# #
*#.†.###...## #
#...# #...# #


You could see Duvessa and Dowan.

Vanquished Creatures
  Robin (D:4)
  2 adders (D:4)
  A dart slug (D:4)
  An orc (D:4)
  4 endoplasms
  10 goblins
  5 hobgoblins (D:4)
  A kobold (D:4)
  A quokka (D:4)
  A ball python (D:4)
  A rat (D:1)
28 creatures vanquished.

Vanquished Creatures (others)
  43 foxfires
43 creatures vanquished.

Grand Total: 71 creatures vanquished

Notes
Turn   | Place    | Note
-------+----------+-------------------------------------------
     0 | D:1      | hawla the Meteoran Fire Elementalist began the quest for
                  | the Orb.
     0 | D:1      | Reached XP level 1. HP: 14/14 MP: 5/5
   123 | D:4      | Found a transporter.
   129 | D:4      | Found a transporter.
   138 | D:4      | Reached XP level 2. HP: 17/20 MP: 3/6
   141 | D:4      | Learned a level 2 spell: Scorch
   240 | D:4      | Reached skill level 4 in Fire Magic
   240 | D:4      | Reached XP level 3. HP: 23/26 MP: 1/8
   279 | D:4      | Noticed ExaltedWalrus's ghost (amateur DrEE)
   302 | D:4      | Noticed Robin
   344 | D:4      | Killed Robin
   345 | D:4      | Reached XP level 4. HP: 27/33 MP: 3/10
   397 | D:4      | Learned a level 4 spell: Flame Wave
   792 | D:4      | Noticed Duvessa
   803 | D:4      | Noticed Dowan
   808 | D:4      | Slain by Duvessa

Illustrated notes

Levels and vault maps discovered:
D:1:      heliophobic_arrival_ceremonial_halls, layout_basic, serial_shops,
          nicolae_square_shop, minmay_parallelograms
D:2:      layout_loops_ring, basic_altar
D:3:      layout_rooms, shapermc_ecumenical_altar_hornbeckon,
          hangedman_abyss_or_decor_stabs, uniq_ijyb
D:4:      layout_basic, serial_curves, eino_curves_03, eino_curves_03,
          gammafunk_ghost_stat_death, uniq_robin, uniq_menkaure, uniq_duvessa

Skill      XL: |  1  2  3  4 |
---------------+-------------+-----
Spellcasting   | 3 |  3.3
Fire Magic     | 4 |  4.6
Dodging        | 3 |  3.1
Conjurations   | 2 |  2.3
Stealth        | |  1.4

Action                   |  1- 3 |  4- 6 || total
-------------------------+-------+-------++-------
Melee: Unarmed           |     9 |     2 ||    11
 Cast: Foxfire           |    22 |     4 ||    26
       Scorch            |     8 |     5 ||    13
       Flame Wave        |       |     2 ||     2
  Use: Scroll            |       |     4 ||     4
       Potion            |       |     2 ||     2
 Stab: Sleeping          |       |     1 ||     1
Armor: Robe              |     6 |       ||     6
Dodge: Dodged            |    12 |     6 ||    18
